 Dungeon Crawl Stone Soup version 0.30-a0-358-g0d69a1922f (webtiles) character file.

Game seed: 12821134463425849012

257358 Kinoniko the Merfolkian Porcupine (level 19, -18/252 HPs)
             Began as a Merfolk Berserker on Nov 9, 2022.
             Was a High Priest of Trog.
             Demolished by a vault warden
             ... wielding a +0 long sword
              (42 damage)
             ... on level 1 of the Vaults.
             The game lasted 00:45:59 (31861 turns).

Kinoniko the Merfolkian Porcupine (MfBe)           Turns: 31861, Time: 00:45:59

Health: -18/252    AC: 26    Str: 24    XL:     19   Next: 84%
Magic:  19/19      EV: 20    Int:  7    God:    Trog [*****.]
Gold:   3063       SH:  0    Dex: 14    Spells: 18/18 levels left

rFire   + + .      SeeInvis +    M - +5 bardiche (vorpal)
rCold   + . .      Faith    .    (shield currently unavailable)
rNeg    . . .      Spirit   .    G - +3 scale mail of the Eternal Fruit {Rampage rC+ Regen+}
rPois   +          Reflect  .    I - +2 helmet {SInv}
rElec   .          Harm     .    g - +2 cloak
rCorr   +          Rampage  +    K - +2 pair of gloves
Will    +....                    l - +2 pair of boots
Stlth   ..........               N - amulet "Hyxzic" {rF+ Regen+}
HPRegen 2.22/turn                u - ring of Celestar {rPois rF+ rCorr}
MPRegen 0.16/turn                E - +4 ring of slaying

@: berserking (expiring), marked, hasted, very quick
A: (nimble swimmer 2), mertail
}: 2/15 runes: decaying, gossamer
a: Renounce Religion, Berserk, Trog's Hand, Brothers in Arms


You were on level 1 of the Vaults.
You worshipped Trog.
Trog was extremely pleased with you.
You visited 6 branches of the dungeon, and saw 31 of its levels.
You also visited: Sewer, Ossuary, Bailey and Ice Cave.

You collected 3467 gold pieces.
You spent 404 gold pieces at shops.

Inventory:

Hand Weapons
 e - a +6 bardiche of protection
 M - a +5 vorpal bardiche (weapon)
Missiles
 L - 4 throwing nets (quivered)
Armour
 g - a +2 cloak (worn)
 i - a scarf of resistance
 l - a +2 pair of boots (worn)
 F - the +0 chain mail of the Armoured One {rN++ Dex-5}
   (You found it in a bailey)

   Dex:       It affects your dexterity (-5).
   rN:        It greatly protects you from negative energy.
 G - the +3 scale mail of the Eternal Fruit (worn) {Rampage rC+ Regen+}
   (You found it in a bailey)

   rC:        It protects you from cold.
   Regen:     It increases your rate of health regeneration.
   Rampage:   It bestows one free step when moving towards enemies.
 I - a +2 helmet of see invisible (worn)
 K - a +2 pair of gloves (worn)
 V - a +2 kite shield of cold resistance
Jewellery
 b - a ring of protection from cold
 k - a ring of flight
 m - a ring of fire
 u - the ring of Celestar (left hand) {rPois rF+ rCorr}
   (You found it on level 3 of the Dungeon)

   [ring of resist corrosion]

   rF:        It protects you from fire.
   rPois:     It protects you from poison.
   rCorr:     It protects you from acid and corrosion.
 E - a +4 ring of slaying (right hand)
 H - a ring of protection from cold
 N - the amulet "Hyxzic" (around neck) {rF+ Regen+}
   (You found it on level 5 of the Lair of Beasts)

   [amulet of regeneration]

   rF:        It protects you from fire.
   Regen:     It increases your rate of health regeneration.
 P - a ring of positive energy
 T - a ring of protection from fire
 W - a ring of protection from cold
 X - a ring of willpower
 Y - a ring of see invisible
 Z - a +4 ring of evasion
Wands
 j - a wand of roots (59)
 s - a wand of mindburst (31)
 w - a wand of paralysis (63)
 A - a wand of digging (7)
 B - a wand of flame (50)
 J - a wand of polymorph (9)
 O - a wand of light (12)
Scrolls
 a - 5 scrolls of immolation
 c - 17 scrolls of teleportation
 d - a scroll of acquirement {unknown}
 r - 3 scrolls of butterflies
 v - 4 scrolls of poison
 x - 2 scrolls of silence
 y - 2 scrolls of enchant armour
 C - 8 scrolls of identify
Potions
 f - a potion of berserk rage
 h - a potion of resistance
 n - 4 potions of lignification
 p - 7 potions of might
 q - 13 potions of curing
 t - 17 potions of ambrosia
 z - 2 potions of mutation
 D - 5 potions of flight
 Q - 3 potions of invisibility


   Skills:
 * Level 19.9 Fighting
 O Level 27 Polearms
 + Level 11.0 Armour
 + Level 21.7 Dodging


You had 18 spell levels left.
You didn't know any spells.
Your spell library contained the following spells:

 Spells                   Type           Power      Damage    Failure   Level
 Gell's Gravitas          Tloc           0%         N/A       96%         3
 Lesser Beckoning         Tloc           0%         N/A       96%         3
 Teleport Other           Tloc           0%         N/A       96%         3
 Borgnjor's Revivificati  Necr           0%         N/A       100%        8
 Necromutation            Tmut/Necr      0%         N/A       100%        8
 Death's Door             Necr           0%         N/A       100%        9


Dungeon Overview and Level Annotations

Branches:
Dungeon (15/15)            Temple (0/1) D:6            Lair (5/5) D:9
  Swamp (4/4) Lair:2       Spider (4/4) Lair:3        Slime (0/5) Lair:5
    Orc (2/2) D:12            Elf (0/3) Orc:2        Vaults (1/5) D:13
 Depths (0/4) D:15          Sewer (visited)         Ossuary (visited)
 Bailey (visited)           IceCv (visited)

Altars:
Ashenzari
Dithmenos
Elyvilon
Fedhas
Gozag
Hepliaklqana
Kikubaaqudgha
Okawaru
Qazlal
Ru
Sif Muna
Trog
Vehumet
Wu Jian
Yredelemnul
The Shining One
Jiyva

Shops:
D:4 [   Orc:1 :   Orc:2 (((*

Portals:
Trove: D:12 (give +2 storm dragon scales)

Annotations:
D:4 1 runed translucent door, Obbo's ghost, amateur TrFi
D:11 3 runed translucent doors


Innate Abilities, Weirdness & Mutations

((You are very nimble when in or above water. (Stealth+, EV+, Speed+++)))
Your lower body shifts to a powerful aquatic tail in water.


Message History

The lindwurm misses you. The lindwurm barely misses you.
The lindwurm closely misses you.
You barely miss the vault sentinel.
The vault sentinel is almost dead.
Unknown command.
You cut the vault sentinel into ribbons!!!!
You kill the vault sentinel!
Trog accepts your kill.
Trog appreciates your killing of a magic user.
The vault warden hits you with a +0 long sword!
* * * LOW HITPOINT WARNING * * *
The lindwurm bites you but does no damage.
The lindwurm completely misses you. The lindwurm misses you.
You cut the very large slime creature into ribbons!!!
The very large slime creature is moderately wounded.
You completely miss the very large slime creature.
The very large slime creature is moderately wounded.
The vault warden misses you.
The very large slime creature misses you.
The lindwurm breathes flames at you. The blast of flame misses you.
Unknown command.
Unknown command.
You slice the very large slime creature!!
The very large slime creature is heavily wounded.
The great orb of eyes is recalled.
A great orb of eyes comes into view.
Unknown command.
You slice the very large slime creature like a ripe choko!!!
The very large slime creature is almost dead.
You barely miss the very large slime creature.
The very large slime creature is almost dead.
A yaktaur captain comes into view.
The lindwurm bites you.
* * * LOW HITPOINT WARNING * * *
The lindwurm closely misses you. The lindwurm claws you.
* * * LOW HITPOINT WARNING * * *
A very large slime creature splits.
The vault warden hits you with a +0 long sword!!!
You die...

## ## #.. ..#
..## ##.. #.. #..
p.# #...#
#..##kp# #...#
#J@# #...# #Jp#
#...#####p#######
###
#.........)......
....
#..)....G........
....
#........c.......
....
#................
....
#...#############
###+ #...#


You could see a vault warden (strong), a yaktaur captain, a great orb of eyes, a
large slime creature, a slime creature, a vault sentinel, a lindwurm and 2
ironbound convokers.

Vanquished Creatures
  Nikola (Spider:3)
  Arachne (Spider:2)
  A tentacled monstrosity (Swamp:1)
  Jorgrun (Swamp:2)
  Agnes (D:14)
  3 thorn hunters (Swamp:4)
  7 fenstrider witches
  2 vault wardens (Vaults:1)
  3 ghost moths
  7 ghouls
  6 emperor scorpions
  2 ironbound thunderhulks (Vaults:1)
  A stone giant (D:15)
  A reaper (Swamp:4)
  A broodmother (Spider:4)
  3 eleionomae
  A spark wasp (Spider:4)
  Azrael (D:14)
  6 bunyips
  A dire elephant (Lair:5)
  2 ettins
  8 entropy weavers
  A green death (Swamp:4)
  2 yaktaur captains (Vaults:1)
  An ice dragon (IceCv)
  4 vault guards (Vaults:1)
  Fannar (Lair:1)
  5 ghost crabs
  8 hydras
  Erica (D:9)
  4 ogre magi
  12 centaur warriors
  2 ironbound frosthearts (Vaults:1)
  6 alligators
  A radroach (Spider:4)
  2 spriggan air magi (Swamp:4)
  2 catoblepae
  2 dancing weapons (D:13)
  4 boulder beetles
  12 two-headed ogres
  2 tengu warriors (D:15)
  5 death yaks
  A vampire mage (D:13)
  A spriggan berserker (Swamp:4)
  Urug (D:11)
  4 soul eaters
  9 spriggans
  A sun demon (D:14)
  Amaemon (Lair:3)
  4 skeletal warriors (D:11)
  2 spectral death yaks (Lair:5)
  4 goliath frogs
  A deep troll (Orc:2)
  7 spriggan druids
  14 orb spiders
  A spectral anaconda (Lair:5)
  9 pharaoh ants
  10 steelbarb worms
  4 wizards (Swamp:4)
  Pikel (D:5)
  8 bog bodies
  3 necromancers (Lair:5)
  3 swamp dragons
  6 lindwurms
  An obsidian statue (Lair:5)
  2 deep elf zephyrmancers
  2 deep elf pyromancers
  7 orc knights
  33 wolf spiders
  A harpy (shapeshifter) (D:15)
  3 manticores
  9 ugly things
  An orc sorcerer (Swamp:4)
  6 cyclopes
  8 will-o-the-wisps
  8 moths of wrath
  2 ice statues (IceCv)
  7 spectral spriggans (Swamp:1)
  4 black mambas
  3 rust devils (D:14)
  Joseph (D:10)
  18 elephants
  4 vault sentinels (Vaults:1)
  11 cane toads
  5 orange demons
  2 freezing wraiths
  6 torpor snails
  12 komodo dragons
  4 demonic crawlers
  Psyche (D:8)
  7 yaktaurs
  An unseen horror (D:12)
  13 rime drakes
  A hellwing (Swamp:4)
  8 tyrant leeches
  3 meliai (Spider:3)
  A queen bee (Lair:1)
  13 trolls
  A bloated husk (Swamp:1)
  4 polar bears
  8 hornets
  25 blink frogs
  Grinder (D:3)
  9 slime creatures
  31 tarantellas
  2 spectral elephants (Lair:5)
  A ynoxinul (D:14)
  A shadow (D:9)
  A vampire (D:9)
  18 culicivoras
  34 jumping spiders
  A dire elephant simulacrum (Lair:5)
  54 yaks
  5 wraiths
  8 wyverns
  7 basilisks
  2 fire elementals (D:14)
  2 steam dragons
  A neqoxec (Swamp:4)
  3 water elementals (D:13)
  2 chaos spawn (Swamp:4)
  2 wargs (Orc:1)
  7 vampire mosquitoes (Swamp:2)
  Menkaure (D:6)
  45 redbacks
  17 swamp worms
  2 spectral cane toads (Lair:5)
  A death yak simulacrum (Lair:5)
  2 acid dragons
  3 swamp drakes
  10 water moccasins
  28 orc warriors
  6 hell hounds (D:14)
  A sky beast (D:6)
  2 black bears
  3 elephant zombies (Lair:5)
  23 ogres
  9 wolves
  4 centaurs
  A phantom (D:5)
  A kobold brigand (D:9)
  An elf zombie (Ossuary)
  2 gnoll sergeants
  9 bullfrogs
  5 scorpions
  2 necrophages
  4 wights
  3 lindwurm simulacra (IceCv)
  2 elephant simulacra (Lair:5)
  30 killer bees
  3 howler monkeys
  3 jellies
  7 komodo dragon simulacra (IceCv)
  5 hounds
  A gnoll bouda (D:8)
  20 orc priests
  Jessica (D:2)
  Terence (D:3)
  An iguana (D:6)
  32 orc wizards
  8 hell rats
  3 mummies (Ossuary)
  Robin (D:2)
  16 gnolls
  4 acid dragon simulacra (IceCv)
  12 adders
  5 river rats
  2 shadow imps
  3 white imps
  An ufetubus (D:5)
  7 steam dragon simulacra (IceCv)
  3 worms
  7 dart slugs
  86 orcs
  21 ball pythons
  5 bats
  13 endoplasms
  9 giant cockroaches
  22 goblins
  7 hobgoblins
  13 kobolds
  3 quokkas
  10 frilled lizards
  2 goblin zombies (Ossuary)
  7 hobgoblin zombies (Ossuary)
  A kobold zombie (Ossuary)
  33 rats
1265 creatures vanquished.

Vanquished Creatures (collateral kills)
  2 emperor scorpions (Spider:4)
  2 dire elephants (Lair:5)
  A deep troll (Orc:2)
  A cyclops (Orc:2)
  A troll (Orc:2)
  A tarantella (Spider:4)
  A jumping spider (Spider:4)
  A culicivora (Spider:4)
  3 orc warriors (Vaults:1)
  An ogre (Orc:2)
  An electric eel (Spider:4)
15 creatures vanquished.

Vanquished Creatures (others)
  A torpor snail (Spider:3)
  2 bloated husks
  A tarantella (Spider:4)
  A demonic plant (D:14)
  18 foxfires
  17 fungi
  41 plants
  15 withered plants (Lair:5)
96 creatures vanquished.

Grand Total: 1376 creatures vanquished

Notes
Turn   | Place    | Note
-------+----------+-------------------------------------------
     0 | D:1      | Kinoniko the Merfolk Berserker began the quest for the Orb.
     0 | D:1      | Reached XP level 1. HP: 18/18 MP: 1/1
    67 | D:1      | Reached XP level 2. HP: 9/24 MP: 2/2
   166 | D:1      | You fall into a shaft and drop 1 floor!
   184 | D:2      | Reached skill level 5 in Polearms
   265 | D:2      | Reached XP level 3. HP: 28/29 MP: 3/3
   396 | D:2      | Noticed Robin
   416 | D:2      | Killed Robin
   416 | D:2      | Reached ** piety under Trog
   468 | D:1      | Reached XP level 4. HP: 34/35 MP: 4/4
   483 | D:1      | Reached skill level 6 in Polearms
  1028 | D:2      | Noticed Jessica
  1034 | D:2      | Killed Jessica
  1184 | D:2      | Reached XP level 5. HP: 41/41 MP: 5/5
  1401 | D:3      | Found a sacrificial altar of Ru.
  1458 | D:3      | Found a radiant altar of Vehumet.
  1575 | D:3      | Reached skill level 7 in Polearms
  1635 | D:3      | Noticed Terence
  1655 | D:3      | Killed Terence
  1853 | D:3      | Found a faded altar of an unknown god.
  1887 | D:3      | Noticed Grinder
  1897 | D:3      | Killed Grinder
  1898 | D:3      | Reached skill level 8 in Polearms
  1898 | D:3      | Reached skill level 5 in Dodging
  1898 | D:3      | Reached XP level 6. HP: 37/47 MP: 6/6
  2056 | D:3      | Found a hazy altar of Hepliaklqana.
  2089 | D:3      | Reached *** piety under Trog
  2219 | D:3      | Found a bloodstained altar of Trog.
  2219 | D:3      | Found a blossoming altar of Fedhas.
  2446 | D:3      | Reached XP level 7. HP: 52/52 MP: 7/7
  2468 | D:3      | Identified the ring of Celestar {rPois rF+ rCorr}
  2519 | D:3      | Reached skill level 9 in Polearms
  2712 | D:4      | Found an ornate altar of the Wu Jian Council.
  2919 | D:4      | Found a broken altar of Ashenzari.
  3159 | D:4      | Found Uroysh's Antique Armour Emporium.
  3167 | D:4      | Bought a runed chain mail for 187 gold pieces
  3258 | D:4      | Found a runed translucent door.
  3261 | D:4      | Noticed Obbo's ghost (amateur TrFi)
  3482 | D:5      | Entered Level 5 of the Dungeon
  3513 | D:5      | Reached skill level 10 in Polearms
  3568 | D:5      | Found a basalt altar of Yredelemnul.
  3614 | D:5      | Reached XP level 8. HP: 58/58 MP: 8/8
  3682 | D:5      | Noticed Pikel
  3706 | D:5      | Killed Pikel
  3707 | D:5      | Reached skill level 11 in Polearms
  3801 | D:5      | Reached **** piety under Trog
  3802 | D:5      | Reached skill level 12 in Polearms
  4088 | D:5      | Found a glowing drain.
  4110 | Sewer    | Entered a sewer
  4355 | Sewer    | Reached XP level 9. HP: 64/64 MP: 9/9
  4814 | D:6      | Found a staircase to the Ecumenical Temple.
  4832 | D:6      | Reached skill level 13 in Polearms
  5125 | D:6      | Found an iron altar of Okawaru.
  5165 | D:6      | Reached ***** piety under Trog
  5320 | D:6      | Noticed Menkaure
  5333 | D:6      | Killed Menkaure
  5613 | D:6      | Reached skill level 14 in Polearms
  5652 | D:6      | Reached skill level 10 in Dodging
  6096 | D:7      | Found a white marble altar of Elyvilon.
  6305 | D:7      | Reached XP level 10. HP: 58/68 MP: 10/10
  6374 | D:7      | Reached skill level 15 in Polearms
  6911 | D:8      | Found a flagged portal.
  6920 | Bailey   | Entered a bailey
  7191 | Bailey   | Found a large runed translucent door.
  7191 | Bailey   | Found a large runed translucent door.
  7192 | Bailey   | Noticed a deep elf zephyrmancer
  7208 | Bailey   | Noticed an orc knight
  7223 | Bailey   | Killed an orc knight
  7304 | Bailey   | Killed a deep elf zephyrmancer
  7317 | Bailey   | Identified the +0 chain mail of the Armoured One {rN++
                  | Dex-5}
  7319 | Bailey   | Identified the +3 scale mail of the Eternal Fruit {Rampage
                  | rC+ Regen+}
  7405 | D:8      | Reached skill level 16 in Polearms
  7408 | D:8      | Reached skill level 5 in Fighting
  7416 | D:8      | Identified the +6 hand axe of the Hundredfold Bones
                  | {vorpal, *Rage rPois Int+7 Stlth+}
  7495 | D:8      | Found a sand-covered staircase.
  7498 | D:8      | Noticed a two-headed ogre
  7499 | D:8      | Noticed Psyche
  7506 | D:8      | Killed a two-headed ogre
  7509 | D:8      | Killed Psyche
  7513 | Ossuary  | Entered an ossuary
  7714 | Ossuary  | Reached XP level 11. HP: 73/81 MP: 11/11
  8369 | D:9      | Reached skill level 17 in Polearms
  8418 | D:9      | Found an opulent altar of Gozag.
  8549 | D:9      | Noticed Erica
  8559 | D:9      | Killed Erica
  8747 | D:9      | Received a gift from Trog
  8924 | D:9      | Reached skill level 18 in Polearms
  8979 | D:9      | Found a staircase to the Lair.
  8989 | Lair:1   | Entered Level 1 of the Lair of Beasts
  9054 | Lair:1   | Noticed Fannar
  9067 | Lair:1   | Killed Fannar
  9271 | Lair:1   | Reached XP level 12. HP: 91/92 MP: 12/12
  9353 | Lair:1   | Reached skill level 19 in Polearms
  9526 | Lair:1   | Noticed an eight-headed hydra
  9542 | Lair:1   | Killed a three-headed hydra
  9934 | Lair:2   | Noticed a catoblepas
  9965 | Lair:2   | Killed a catoblepas
 10327 | Lair:2   | Found a staircase to the Swamp.
 10359 | Lair:2   | Reached skill level 20 in Polearms
 10774 | Lair:3   | Found a hole to the Spider Nest.
 10907 | Lair:3   | Noticed Amaemon
 10917 | Lair:3   | Reached XP level 13. HP: 101/101 MP: 13/13
 10921 | Lair:3   | Killed Amaemon
 11525 | Lair:3   | Reached skill level 15 in Dodging
 11661 | Lair:3   | Reached skill level 10 in Fighting
 12026 | Lair:4   | Reached ****** piety under Trog
 12041 | Lair:4   | Reached skill level 21 in Polearms
 12243 | Lair:4   | Received a gift from Trog
 12655 | Lair:5   | Entered Level 5 of the Lair of Beasts
 12680 | Lair:4   | Reached skill level 5 in Armour
 12813 | Lair:5   | Reached XP level 14. HP: 111/111 MP: 14/14
 12957 | Lair:5   | Reached skill level 22 in Polearms
 13332 | Lair:5   | Received a gift from Trog
 13732 | Lair:5   | Found a viscous altar of Jiyva.
 13737 | Lair:5   | Found a staircase to the Slime Pits.
 13813 | Lair:5   | Identified the +3 chain mail of the Moon Troll {rC+}
 14065 | Lair:5   | Noticed a dire elephant
 14065 | Lair:5   | Noticed a dire elephant
 14065 | Lair:5   | Noticed a dire elephant
 14133 | Lair:5   | Identified the amulet "Hyxzic" {rF+ Regen+}
 14185 | Lair:5   | Killed a dire elephant
 14194 | Lair:5   | Killed a dire elephant
 14197 | Lair:5   | Killed a dire elephant
 14768 | D:10     | Entered Level 10 of the Dungeon
 14893 | D:10     | Found a shadowy altar of Dithmenos.
 14981 | D:10     | Found an ancient bone altar of Kikubaaqudgha.
 15097 | D:10     | Noticed Joseph
 15113 | D:10     | Killed Joseph
 15270 | D:10     | Found a glowing golden altar of the Shining One.
 15271 | D:10     | Found a shimmering blue altar of Sif Muna.
 15511 | D:11     | Noticed Urug
 15521 | D:11     | Killed Urug
 15522 | D:11     | Reached skill level 23 in Polearms
 15701 | D:11     | Reached XP level 15. HP: 120/120 MP: 15/15
 15780 | D:11     | Found a stormy altar of Qazlal.
 15832 | D:11     | Received a gift from Trog
 15840 | D:11     | Found a runed translucent gate.
 15840 | D:11     | Found a runed translucent gate.
 15841 | D:11     | Found a runed translucent gate.
 16477 | D:12     | Found a staircase to the Orcish Mines.
 16541 | D:12     | Found a blossoming altar of Fedhas.
 16874 | D:12     | Found a portal to a secret trove of treasure.
 17139 | Orc:1    | Entered Level 1 of the Orcish Mines
 17322 | Orc:2    | Entered Level 2 of the Orcish Mines
 17572 | Orc:2    | Received a gift from Trog
 17787 | Orc:2    | Found a staircase to the Elven Halls.
 17943 | Orc:2    | Found a radiant altar of Vehumet.
 18110 | Orc:2    | Found Vuhinuso's Assorted Antiques.
 18110 | Orc:2    | Found Ompiehui's Weapon Emporium.
 18176 | Orc:2    | Received a gift from Trog
 18179 | Orc:2    | Reached skill level 24 in Polearms
 18276 | Orc:2    | Found Zori's Weapon Shop.
 18292 | Orc:2    | Found Alosul's Antique Weapon Shoppe.
 18453 | Orc:1    | Found Vebeol's Book Emporium.
 19019 | D:13     | Found a gate to the Vaults.
 19202 | D:13     | Found a frozen archway.
 19213 | IceCv    | Entered an ice cave
 19253 | IceCv    | Received a gift from Trog
 19698 | D:13     | Reached XP level 16. HP: 115/130 MP: 16/16
 19785 | Orc:2    | Bought a scroll of teleportation for 93 gold pieces
 19785 | Orc:2    | Bought a potion of curing for 93 gold pieces
 19785 | Orc:2    | Bought a scroll labelled HIEZ ZEQALIAR for 31 gold pieces
 20398 | D:14     | Noticed Azrael
 20423 | D:14     | Killed Azrael
 21009 | D:14     | Noticed Agnes
 21025 | D:14     | Killed Agnes
 21528 | Swamp:1  | Entered Level 1 of the Swamp
 21565 | Swamp:1  | Noticed a tentacled monstrosity
 21577 | Swamp:1  | Killed a tentacled monstrosity
 21941 | Swamp:1  | Reached skill level 25 in Polearms
 21994 | Swamp:1  | Received a gift from Trog
 22481 | Swamp:2  | Identified the +1 leather armour of Lies {Slay+3}
 22543 | Swamp:2  | Noticed Jorgrun
 22548 | Swamp:2  | Killed Jorgrun
 22560 | Swamp:2  | Noticed a fenstrider witch
 22567 | Swamp:2  | Killed a fenstrider witch
 23083 | Swamp:3  | Reached XP level 17. HP: 140/140 MP: 17/17
 23144 | Swamp:3  | Reached skill level 15 in Fighting
 23565 | Swamp:4  | Entered Level 4 of the Swamp
 23739 | Swamp:4  | Reached skill level 26 in Polearms
 23741 | Swamp:4  | HP: 4/142 [thorn hunter/volley of thorns (25)]
 23884 | Swamp:4  | Received a gift from Trog
 24110 | Swamp:4  | Paralysed by a fenstrider witch for 3 turns
 24117 | Swamp:4  | Paralysed by a fenstrider witch for 3 turns
 24193 | Swamp:4  | Paralysed by a fenstrider witch for 4 turns
 24383 | Swamp:4  | Paralysed by an orc sorcerer for 4 turns
 24547 | Swamp:4  | Got a decaying rune of Zot
 24732 | Spider:1 | Entered Level 1 of the Spider Nest
 24960 | Spider:1 | Received a gift from Trog
 25018 | Spider:1 | Reached XP level 18. HP: 153/153 MP: 18/18
 25795 | Spider:2 | Reached skill level 27 in Polearms
 26561 | Spider:2 | Noticed Arachne
 26575 | Spider:2 | Killed Arachne
 27459 | Spider:3 | Noticed Nikola
 27472 | Spider:3 | Killed Nikola
 27614 | Spider:3 | Identified the +0 halberd of Wounding {flame, *Noise Str+7
                  | Dex+5} (Trog gifted it to you on level 3 of the Spider
                  | Nest)
 27614 | Spider:3 | Received a gift from Trog
 27720 | Spider:3 | Identified the +3 barding of Rassexah {rF+}
 27967 | Spider:4 | Entered Level 4 of the Spider Nest
 27985 | Spider:4 | Reached skill level 10 in Armour
 28684 | Spider:4 | Reached XP level 19. HP: 55/164 MP: 19/19
 29343 | Spider:4 | Received a gift from Trog
 29415 | Spider:4 | Got a gossamer rune of Zot
 29871 | D:15     | Entered Level 15 of the Dungeon
 30492 | D:15     | Found a staircase to the Depths.
 30606 | Vaults:1 | Entered Level 1 of the Vaults
 31151 | Vaults:1 | Received a gift from Trog
 31861 | Vaults:1 | Demolished by a vault warden

Illustrated notes

Levels and vault maps discovered:
D:1:      kennysheep_arrival_seaside, layout_rooms, minmay_split_cup_small
D:2:      layout_basic, kennysheep_potato, uniq_robin, uniq_jessica
D:3:      minmay_octagon_keep, layout_loops_ring,
          nicolae_hepliaklqana_hazy_memory, mainiacjoe_overflow_24_doors,
          nicolae_ru_sacrificial_ziggurat, gammafunk_temple_overflow_elements,
          shapermc_ecumenical_altar_hornbeckon, uniq_terence, uniq_grinder
D:4:      layout_basic, old_standard_altar, cheibrodos_ashenzari_chains,
          serial_shops, nicolae_shop_overgrown_old_shop,
          hellmonk_ghost_happy_afterlife
D:5:      layout_loops_ring, nicolae_overflow_crystal_walls,
          portal_sewer_entry_b, uniq_pikel
D:6:      cheibrodos_barr_body, layout_cave_pods, okawaru_trees_2,
          minmay_temple_entry_overgrown, uniq_menkaure
D:7:      layout_loops_ring, mainiacjoe_overflow_alcove_4
D:8:      layout_rooms, enter_bailey_3, nicolae_ossuary_entry_monument,
          uniq_psyche
D:9:      layout_basic, grunt_gozag_statues, erik_lair_dragon, uniq_erica
D:10:     layout_irregular_city, nicolae_dithmenos_the_darkroom,
          pf_just_have_faith, nicolae_overflow_two_pavilions, uniq_joseph
D:11:     layout_loops_corners, ploomutoo_gammafunk_ghost_potion_laboratory,
          st_stairs_9, nicolae_qazlal_scattered_showers, uniq_urug
D:12:     layout_irregular_city, orc_0_dummy, enter_trove_0, fedhas_altar_1
D:13:     layout_basic, erik_vaults_1, portal_ice_cave_rime, nzn_life_drinkers
D:14:     layout_loops_corners, serial_demonic, serial_demonic_e,
          serial_demonic_e, serial_demonic_b, serial_demonic_a, uniq_azrael,
          uniq_agnes
D:15:     grunt_enter_depths_snipers, layout_rooms, minmay_stone_trees_small
Lair:1:   layout_roguey [special_room_bee], uniq_fannar
Lair:2:   layout_regular_city, swamp_mist, st_stairs_10, grunt_megastairs_5
Lair:3:   layout_layer_cave, spider_nest_entry_a, special_room
          [special_room_mythical_zoo], uniq_amaemon
Lair:4:   layout_misc_corridors, minivault_11, chequers_serial_rivers_room_b
Lair:5:   due_jungle_book, layout_cave_pods, slime_entry_1, lemuel_fruit_tree,
          serial_bayou_shore_b, grunt_megastairs_3, infiniplex_staircase_pool_2,
          serial_bayou_shore_b
Swamp:1:  nicolae_swamp_flooded_prison, layout_falls_marsh,
          evilmike_swamp_ruin_house_1
Swamp:2:  layout_falls_marsh, nicolae_swamp_orc_logging_accident, swamp_pool1,
          nicolae_swamp_bloodsuckers_inc, infiniplex_staircase_pool,
          uniq_jorgrun
Swamp:3:  nicolae_swamp_long_stream, layout_basic_swamp,
          evilmike_swamp_ruin_house_6
Swamp:4:  nzn_swamp_witches_coven, layout_basic_swamp
Spider:1: layout_cave_pods
Spider:2: layout_chambers, uniq_arachne
Spider:3: nicolae_spider_mines_3, hangedman_spider_tarantella_strand,
          uniq_nikola
Spider:4: grunt_spider_rune_circles
Orc:1:    layout_caves, serial_shops, nicolae_shop_behind_doors, basic_altar
Orc:2:    st_orc_open, layout_diamond_mine, basic_altar
Vaults:1: hangedman_vaults_slither, ontoclasm_vaults_shuriken,
          hangedman_vaults_slice, nicolae_vaults_specimen_jars,
          vaults_mumra_minichess_inversion, special_room_vaults
          [special_room_orc], vaults_mumra_chevron,
          vaults_room_grunt_arrival_checkpoint, ontoclasm_vaults_eye,
          layout_vaults_quadrants

Skill      XL: |  1  2  3  4  5  6  7  8  9 10 11 12 13 14 15 16 17 18 19 |
---------------+----------------------------------------------------------+-----
Polearms       | 5 6 8 10 12 14 16 18 20 21 23 24 25 26 27 | 27.0
Dodging        | 3 4 5 6 8 10 12 13 14 15 16 17 18 19 20 21 | 21.7
Fighting       | 5 7 9 10 12 13 14 16 18 19 | 19.9
Armour         | 3 5 6 7 8 9 10 11 | 11.0

Action                   |  1- 3 |  4- 6 |  7- 9 | 10-12 | 13-15 | 16-18 | 19-21 || total
-------------------------+-------+-------+-------+-------+-------+-------+-------++-------
Melee: Spear             |    84 |   203 |   763 |       |       |       |       ||  1050
       Punch             |       |     1 |     7 |     1 |       |       |       ||     9
       Tailslap          |       |       |     6 |       |     6 |    37 |     5 ||    54
       Glaive            |       |       |       |   210 |       |       |       ||   210
       Trident           |       |       |       |    76 |       |       |       ||    76
       Halberd           |       |       |       |   382 |   704 |       |       ||  1086
       Bardiche          |       |       |       |       |   481 |  1361 |   439 ||  2281
Invok: Berserk           |     1 |     3 |     5 |     8 |    11 |    14 |     4 ||    46
       Trog's Hand       |       |       |       |     1 |     1 |     2 |     1 ||     5
       Brothers in Arms  |       |       |       |       |     1 |       |     3 ||     4
  Use: Scroll            |       |       |    14 |    14 |    10 |    13 |     2 ||    53
       Potion            |       |       |       |       |     4 |    10 |     3 ||    17
 Stab: Sleeping          |     1 |       |       |       |       |       |       ||     1
       Distracted        |       |       |       |       |     1 |     1 |     1 ||     3
       Confused          |       |       |       |       |     1 |       |       ||     1
       Paralysed         |       |       |       |       |       |     1 |       ||     1
       Invisible         |       |       |       |       |       |     5 |       ||     5
       Held in net/web   |       |       |       |       |       |     2 |       ||     2
Armor: Animal skin       |     7 |     5 |       |       |       |       |       ||    12
       Ring mail         |       |    10 |       |       |       |       |       ||    10
       Chain mail        |       |     6 |   160 |    27 |       |       |       ||   193
       Scale mail        |       |    15 |    40 |   203 |   427 |   619 |   195 ||  1499
Dodge: Dodged            |    34 |    67 |   228 |   347 |   813 |  1320 |   467 ||  3276

Table legend: (Time is in decaauts)
 A = Elapsed time spent in this place.
 B = Non-inter-level travel time spent in this place.
 C = Inter-level travel time spent in this place.
 D = Time resting spent in this place.
 E = Time spent auto-exploring this place.
 F = Levels seen in this place.
 G = Mean time per level.
                   A        B        C        D        E       F      G
               +--------+--------+--------+--------+--------+-----+--------+
         Total |  30294 |  27720 |   2574 |   3327 |  18299 |  35 |  865.5 |
       Dungeon |  13268 |  11607 |   1661 |    756 |   8813 |  15 |  884.5 |
          Lair |   5636 |   5251 |    385 |    653 |   3519 |   5 | 1127.2 |
         Swamp |   2684 |   2552 |    132 |    231 |   1569 |   4 |  671.0 |
   Spider Nest |   4723 |   4571 |    152 |    999 |   2516 |   4 | 1180.8 |
  Orcish Mines |   1580 |   1338 |    242 |    180 |    859 |   2 |  790.0 |
        Vaults |    911 |    911 |      0 |    242 |    442 |   1 |  911.0 |
         Sewer |    250 |    250 |      0 |     59 |     92 |   1 |  250.0 |
       Ossuary |    424 |    424 |      0 |     53 |    284 |   1 |  424.0 |
        Bailey |    455 |    455 |      0 |    152 |      0 |   1 |  455.0 |
      Ice Cave |    359 |    359 |      0 |      0 |    203 |   1 |  359.0 |
               +--------+--------+--------+--------+--------+-----+--------+

Top non-repeatable levels by time:
  Lair:5: 1788 daAuts
Spider:2: 1653 daAuts
    D:13: 1443 daAuts
Spider:4: 1360 daAuts
  Lair:3: 1218 daAuts
     D:3: 1190 daAuts
     D:6: 1136 daAuts
   Orc:2: 1043 daAuts
    D:11: 1040 daAuts
    D:14: 977 daAuts
  Lair:1: 961 daAuts
     D:5: 930 daAuts
Vaults:1: 911 daAuts
     D:9: 891 daAuts
Spider:1: 880 daAuts
